 Dungeon Crawl Stone Soup version 0.24-a0-169-g71aafec (console) character file.

Game seed: 14592590570238996060

46 Duffy the Conjurer (level 3, -1/28 HPs)
             Began as a Naga Fire Elementalist on Mar 7, 2019.
             Slain by a black bear (6 damage)
             ... on level 2 of the Dungeon.
             The game lasted 00:01:23 (1142 turns).

Duffy the Conjurer (Naga Fire Elementalist)         Turns: 1142, Time: 00:01:24

Health: -1/28      AC:  5    Str: 10    XL:     3   Next: 66%
Magic:  0/6        EV: 10    Int: 16    God:
Gold:   29         SH:  0    Dex: 11    Spells: 2/6 levels left

rFire    . . .     SeeInvis +   c - 2 rations
rCold    . . .     Gourm    .   (no shield)
rNeg     . . .     Faith    .   a - +0 robe
rPois    +         Spirit   .   (no helmet)
rElec    .         Reflect  .   g - +2 cloak
rCorr    .         Harm     .   (no gloves)
MR       .....                  (no barding)
Stlth    ++........             i - amulet of rage
HPRegen  0.09/turn              (no ring)
MPRegen  0.10/turn              (no ring)

@: short of breath, very slow
A: large, see invisible, deformed body, poison resistance, slowness 2, slow
metabolism 1, spit poison 1, AC +1
a: Spit Poison, Evoke Berserk Rage


You were on level 2 of the Dungeon.
You were hungry.

You visited 1 branch of the dungeon, and saw 2 of its levels.

You collected 29 gold pieces.

Inventory:

Armour
 a - a +0 robe (worn)
 g - a +2 cloak (worn)
Jewellery
 i - an amulet of rage (around neck)
Scrolls
 b - a scroll of enchant weapon {unknown}
 d - 2 scrolls of identify {unknown}
 j - a scroll of blinking {unknown}
Potions
 e - a potion of agility {unknown}
 f - a potion of lignification {unknown}
Comestibles
 c - 2 rations (in hand)
 h - a chunk of flesh


   Skills:
 - Level 1.5 Dodging
 - Level 3.0 Stealth
 + Level 2.1 Spellcasting
 + Level 3.1 Conjurations
 + Level 3.1 Fire Magic


You had 2 spell levels left.
You knew the following spells:

 Your Spells              Type           Power        Failure   Level  Hunger
h - Flame Tongue          Conj/Fire      ##...        5%          1    #......
l - Conjure Flame         Conj/Fire      ##......     17%         3    ###....

Your spell library contained the following spells:

 Spells                   Type           Power        Failure   Level  Hunger
 Throw Flame              Conj/Fire      ##....       9%          2    ###....
 Inner Flame              Hex/Fire       #.......     32%         3    ###....
 Sticky Flame             Conj/Fire      ##......     50%         4    #####..
 Fireball                 Conj/Fire      ##........   83%         5    ######.


Dungeon Overview and Level Annotations

Branches:
Dungeon (2/15)

Altars:


Innate Abilities, Weirdness & Mutations

You cannot wear boots.
Your serpentine skin is tough. (AC +1)
You have supernaturally acute eyesight. (SInv)
Armour fits poorly on your strangely shaped body.
Your system is resistant to poisons. (rPois)
You cover ground very slowly.
You have a slow metabolism.
You can spit poison.


Message History

Cast which spell? (? or * to list)
Aiming: Flame Tongue (safe; 5% risk of failure)
Press: ? - help, Shift-Dir - straight line, f/p - black bear
Aim: a black bear (severely wounded, poisoned)
The flame tongue hits the black bear!
The black bear is almost dead.
You have got your breath back.
The black bear goes berserk!
The black bear looks more healthy.
The black bear bites you but does no damage.
The black bear claws you. The black bear barely misses you.
Press: ? - help, Shift-Dir - straight line, f/p - black bear
Aim: a black bear (almost dead, berserk, fast, unusually strong)
The splash of poison misses the black bear.
You feel slightly more hungry. The black bear bites you!
The black bear completely misses you. The black bear claws you.
The black bear rages.
The black bear bites you. The black bear completely misses you.
The black bear misses you. The black bear bites you.
You die...

#### # #######
##.....#.....##
..##.....###.............##
........................[.#
..........................#
.......<..................##
............................
..........................#
.............h@..)........#
..........................#
..........##......#.....#...
.........###.###########....
##.##.#####..# ### #. #.
#.## . .. ... .?..


You could see a black bear (berserk).

Vanquished Creatures
  An adder (D:2)
  An ooze (D:1)
  A dart slug (D:1)
  3 leopard geckos (D:1)
  A ball python (D:1)
  A giant cockroach (D:1)
  A goblin (D:1)
  2 hobgoblins
  4 kobolds (D:1)
  5 bats (D:1)
  2 frilled lizards (D:1)
  6 rats (D:1)
28 creatures vanquished.

Notes
Turn   | Place    | Note
-------+----------+-------------------------------------------
     0 | D:1      | Duffy the Naga Fire Elementalist began the quest for the
                  | Orb.
     0 | D:1      | Reached XP level 1. HP: 15/15 MP: 3/3
   244 | D:1      | Reached XP level 2. HP: 22/22 MP: 3/5
   580 | D:1      | Reached XP level 3. HP: 18/28 MP: 3/6
   805 | D:1      | Learned a level 3 spell: Conjure Flame
  1127 | D:2      | Noticed a black bear
  1142 | D:2      | Slain by a black bear

Levels and vault maps discovered:
D:1:      dpeg_arrival_prison, layout_rooms, roderic_roman_lattice
D:2:      layout_rooms

Skill      XL: |  1  2  3 |
---------------+----------+-----
Conjurations   | 2 3 |  3.1
Dodging        | |  1.5
Stealth        | |  3.0
Spellcasting   | |  2.1
Fire Magic     | |  3.1

Action                   || total
-------------------------++-------
 Cast: Flame Tongue      ||    34
       Conjure Flame     ||     1
 Abil: Spit Poison       ||    20
  Eat: Chunk             ||     1
Armor: Robe              ||    10
Dodge: Dodged            ||    22

Table legend:
 A = Non-vault XP
 B = Vault XP
 C = Vault XP percentage of total XP
 D = Non-vault monster count
 E = Vault monster count
 F = Vault count percentage of total count
                 A         B        C        D         E       F
            +---------+---------+-------+---------+---------+-------
      Total |      65 |       1 |   1.5 |      27 |       1 |   3.6
            +---------+---------+-------+---------+---------+-------
        D:1 |      50 |       1 |   2.0 |      25 |       1 |   3.8
        D:2 |      15 |       0 |   0.0 |       2 |       0 |   0.0
            +---------+---------+-------+---------+---------+-------
